 Dungeon Crawl Stone Soup version 0.16.2-12-gd0ad4c3 (webtiles) character file.

1474 faibistes the Cudgeler (level 8, -4/79 HPs)
             Began as an Ogre Warper on Dec 7, 2017.
             Was a Follower of the Shining One.
             Killed from afar by DEFE's ghost (24 damage)
             ... with an orb of energy
             ... on level 6 of the Dungeon.
             The game lasted 00:27:59 (12020 turns).

faibistes the Cudgeler (Ogre Warper)               Turns: 12020, Time: 00:27:59

Health: -4/79      AC:  5    Str: 17    XL:     8   Next: 78%
Magic:  7/20       EV: 10    Int: 17    God:    the Shining One [*.....]
Gold:   304        SH:  0    Dex:  9    Spells: 6 memorised, 2 levels left

rFire  . . .     SeeInvis .     a - +0 mace
rCold  . . .     Clarity  .     k - +2 robe (curse)
rNeg   . . .     SustAb   +     (shield restricted)
rPois  .         Gourm    .     (helmet restricted)
rElec  .         Spirit   .     (no cloak)
rCorr  .         Warding  .     (gloves unavailable)
rMut   .         Stasis   .     (boots unavailable)
MR     .....                    (no amulet)
Stlth  +.........               z - +3 ring of intelligence
                                q - ring of sustain abilities

@: very slightly contaminated, hasted, glowing, very quick, not resistant to
hostile enchantments, very unstealthy
A: unfitting armour, tough skin 1
a: Renounce Religion


You were on level 6 of the Dungeon.
You worshipped the Shining One.
The Shining One was aware of your devotion.
You were hungry.

You visited 2 branches of the dungeon, and saw 8 of its levels.

You collected 304 gold pieces.

Inventory:

Hand weapons
 a - a +0 mace (weapon)
Missiles
 p - 187 stones
 u - 9 tomahawks (quivered)
Armour
 k - a cursed +2 robe (worn)
Jewellery
 q - a ring of sustain abilities (left hand)
 w - an uncursed ring of flight
 z - a +3 ring of intelligence (right hand)
Scrolls
 b - 2 scrolls of remove curse {unknown}
 d - 2 scrolls of blinking
 e - a scroll of fear {unknown}
 i - 3 scrolls of immolation
 o - 2 scrolls of teleportation {unknown}
 v - 3 scrolls of random uselessness {unknown}
 y - a scroll of acquirement {unknown}
 A - a scroll of noise {unknown}
Potions
 g - 2 potions of agility
 h - a potion of haste
 j - 2 potions of brilliance
 l - a potion of ambrosia
 m - a potion of restore abilities
 s - a potion of mutation {unknown}
 t - a potion of invisibility {unknown}
Books
 c - a book of Spatial Translocations

   Spells                             Type                      Level
   a - Apportation                    Translocation                1
   b - Blink                          Translocation                2
   c - Shroud of Golubria             Charms/Translocation         2
   d - Portal Projectile              Translocation                3
   e - Teleport Other                 Translocation                3
   f - Passage of Golubria            Translocation                4
Miscellaneous
 r - a plain deck of changes {drawn: 3}
Comestibles
 f - a meat ration
 B - a bread ration
 C - 2 slices of pizza
 D - a beef jerky


   Skills:
 + Level 4.9 Fighting
 * Level 6.0 Maces & Flails
 * Level 4.5 Throwing
 + Level 2.5 Armour
 - Level 1.7 Dodging
 * Level 5.1 Spellcasting
 + Level 1.3 Charms
 * Level 3.7 Translocations
 * Level 2.9 Invocations
 * Level 2.4 Evocations


You had 2 spell levels left.
You knew the following spells:

 Your Spells              Type           Power        Failure   Level  Hunger
a - Apportation           Tloc           ###.......   2%          1    None
b - Teleport Other        Tloc           ###.....     10%         3    ###....
c - Shroud of Golubria    Chrm/Tloc      ##........   10%         2    #......
d - Blink                 Tloc           N/A          4%          2    #......
e - Portal Projectile     Tloc           ###...       10%         3    ###....
f - Passage of Golubria   Tloc           N/A          30%         4    ####...


Dungeon Overview and Level Annotations

Branches:
Dungeon (7/15)             Temple (1/1) D:4

Altars:
Ashenzari
Dithmenos
Elyvilon
Fedhas
Gozag
Kikubaaqudgha
Makhleb
Nemelex Xobeh
Okawaru
Qazlal
Ru
Trog
Vehumet
Xom
Yredelemnul
Zin
The Shining One

Annotations:
D:6 DEFE's ghost, experienced DEWr


Innate Abilities, Weirdness & Mutations

You are too large for most types of armour.
You have tough skin (AC +1).


Message History

You hit DEFE's ghost but do no damage.
DEFE's ghost is heavily damaged.
You sock DEFE's ghost!
DEFE's ghost is severely damaged.
DEFE's ghost hits you.
Your shroud falls apart!
You feel your power leaking away.
You barely miss DEFE's ghost.
DEFE's ghost is severely damaged.
DEFE's ghost hits you.
* * * LOW HITPOINT WARNING * * *
You feel your power leaking away.
You hit DEFE's ghost.
DEFE's ghost is severely damaged.
DEFE's ghost hits you.
* * * LOW HITPOINT WARNING * * *
You hit DEFE's ghost but do no damage.
DEFE's ghost is severely damaged.
DEFE's ghost points at you and mumbles some strange words.
The orb of energy hits you!
You die...

........#.#
#........##.#.
#.......#
#........##.#
#.#.....#
#.....##..#.##
#.#.#.#.#
#.....###.....
#.......# #######
#..... #.#.....#
######.... #.......#
#......>..
###.#.#.#######
#........#
#.#.#.W@....#
#.########
..#.#.####.## # #
####.#.# #..# #
#.#.#####'#### #
#.#.##.......# #
#.#.##.⌠...⌠.# #
..#..#.......#.# #
#..'...⌠...'.#
########.##.......###


You could see DEFE's ghost.

Vanquished Creatures
  Prince Ribbit (D:5)
  Menkaure (D:5)
  A water moccasin (D:4)
  A sky beast (D:6)
  Sigmund (D:4)
  A giant frog (D:5)
  Blork the orc (D:4)
  A scorpion (D:4)
  2 crimson imps
  A goliath beetle (D:6)
  A wasp zombie (D:5)
  A giant frog skeleton (D:4)
  A hound (D:4)
  An orc wizard (D:3)
  An iguana (D:4)
  4 worker ants
  Ijyb (D:4)
  A hound zombie (D:5)
  5 hound skeletons
  A worker ant zombie (D:6)
  6 adders
  4 gnolls
  A shadow imp (D:5)
  2 giant mites
  4 worms
  2 adder skeletons
  4 giant geckos
  An ooze (D:4)
  8 orcs
  11 goblins
  12 hobgoblins
  9 kobolds
  2 quokkas
  2 ball pythons
  20 bats
  7 giant cockroaches
  5 giant newts
  8 jackals
  10 rats
  4 ballistomycetes (D:6)
150 creatures vanquished.

Vanquished Creatures (others)
  A quokka (D:5)
  A giant spore (D:6)
2 creatures vanquished.

Grand Total: 152 creatures vanquished

Notes
Turn   | Place    | Note
--------------------------------------------------------------
     0 | D:1      | faibistes, the Ogre Warper, began the quest for the Orb.
     0 | D:1      | Reached XP level 1. HP: 22/22 MP: 3/3
   172 | D:1      | Reached skill level 3 in Maces & Flails
   188 | D:1      | Reached XP level 2. HP: 25/29 MP: 5/5
   195 | D:1      | Learned a level 2 spell: Blink
   198 | D:1      | Learned a level 2 spell: Shroud of Golubria
   429 | D:1      | Reached skill level 1 in Armour
   818 | D:1      | Reached XP level 3. HP: 33/36 MP: 6/6
  1558 | D:2      | Learned a level 3 spell: Teleport Other
  2072 | D:2      | Reached XP level 4. HP: 27/45 MP: 7/9
  3123 | D:2      | Reached XP level 5. HP: 53/53 MP: 8/11
  3210 | D:2      | Reached skill level 4 in Maces & Flails
  3384 | D:2      | Found a sparkling altar of Nemelex Xobeh.
  4448 | D:3      | Learned a level 3 spell: Portal Projectile
  4958 | D:4      | Found a staircase to the Ecumenical Temple.
  4959 | D:4      | Noticed Sigmund
  5359 | D:3      | Reached XP level 6. HP: 50/62 MP: 13/13
  5671 | D:4      | Noticed Blork the orc
  5688 | D:4      | Killed Blork the orc
  5849 | D:4      | Killed Sigmund
  6075 | Temple   | Entered the Ecumenical Temple
  6099 | Temple   | Became a worshipper of the Shining One
  6193 | D:4      | Noticed Ijyb
  6224 | D:4      | Killed Ijyb
  6268 | D:4      | Found an opulent altar of Gozag.
  6658 | D:4      | Found a shattered altar of Ashenzari.
  6727 | D:5      | Entered Level 5 of the Dungeon
  7284 | D:4      | Reached XP level 7. HP: 55/70 MP: 17/17
  7643 | D:5      | Noticed a water moccasin
  7659 | D:4      | Killed a water moccasin
  7659 | D:4      | Reached skill level 1 in Evocations
  7952 | D:5      | Found a shadowy altar of Dithmenos.
  8171 | D:5      | Reached skill level 1 in Invocations
  8627 | D:5      | Acquired the Shining One's first power
  8629 | D:5      | Noticed Prince Ribbit
  9226 | D:4      | Reached skill level 5 in Maces & Flails
  9764 | D:5      | Reached skill level 1 in Charms
  9764 | D:5      | Reached XP level 8. HP: 26/79 MP: 13/18
 10334 | D:6      | Noticed DEFE's ghost (experienced DEWr)
 10678 | D:5      | Killed Prince Ribbit
 10922 | D:5      | Noticed Menkaure
 10943 | D:5      | Killed Menkaure
 10943 | D:5      | Reached skill level 5 in Spellcasting
 11449 | D:5      | Found a white marble altar of Elyvilon.
 11497 | D:5      | Learned a level 4 spell: Passage of Golubria
 11603 | D:6      | Reached skill level 6 in Maces & Flails
 11740 | D:6      | Found a bloodstained altar of Trog.
 12020 | D:6      | Killed from afar by DEFE's ghost

Action                   |  1- 3 |  4- 6 |  7- 9 || total
-------------------------+-------+-------+-------++-------
Melee: Mace              |   136 |   343 |   410 ||   889
Throw: Stone             |    15 |   100 |    44 ||   159
       Tomahawk          |       |     2 |    52 ||    54
 Cast: Shroud of Golubri |     3 |    16 |    20 ||    39
       Blink             |     1 |     3 |     6 ||    10
Evoke: Deck              |       |       |     3 ||     3
  Use: Scroll            |     1 |     5 |     1 ||     7
       Potion            |       |       |     3 ||     3
 Stab: Invisible         |       |       |     1 ||     1
  Eat: Chunk             |     4 |     6 |     7 ||    17
       Meat ration       |       |     2 |     1 ||     3
       Bread ration      |       |     1 |       ||     1
       Pizza             |       |       |     1 ||     1
